 Dungeon Crawl Stone Soup version 0.18-a0-1774-gce1f7b6 (webtiles) character file.

65 namelastname112 the Sneak (level 4, -1/23 HPs)
             Began as a Vine Stalker Assassin on Apr 15, 2016.
             Succumbed to a killer bee's poison
             ... on level 3 of the Dungeon.
             The game lasted 00:02:18 (2177 turns).

namelastname112 the Sneak (Vine Stalker Assassin)   Turns: 2177, Time: 00:02:19

Health: -1/23      AC:  4    Str: 14    XL:     4   Next: 13%
Magic:  6/14       EV: 17    Int: 11    God:
Gold:   122        SH:  0    Dex: 21    Spells: 0 memorised, 3 levels left

rFire  . . .     SeeInvis .     a - +2 dagger
rCold  . . .     Gourm    .     c - +0 robe
rNeg   . . .     Faith    .     (no shield)
rPois  .         Spirit   +     (no helmet)
rElec  .         Dismiss  .     d - +0 cloak
rCorr  .         Reflect  .     s - +0 pair of gloves
SustAt .         Harm     .     (no boots)
MR     .....                    (no amulet)
Stlth  ++++......               (no ring)
                                u - ring of magical power

@: agile, lethally poisoned (-1 -> -14), not resistant to hostile enchantments,
stealthy
A: fangs 2, regeneration 1, magic shield, antimagic bite, no device heal 3, rot
immunity
a: no special abilities


You were on level 3 of the Dungeon.
You were hungry.

You visited 1 branch of the dungeon, and saw 3 of its levels.

You collected 122 gold pieces.

Inventory:

Hand Weapons
 a - a +2 dagger (weapon)
 b - a +0 blowgun
Missiles
 e - 23 poisoned needles
 f - 2 curare-tipped needles
 t - 2 tomahawks of returning (quivered)
Armour
 c - a +0 robe (worn)
 d - a +0 cloak (worn)
 s - a +0 pair of gloves (worn)
Jewellery
 u - a ring of magical power (left hand)
Wands
 C - a wand of paralysis (12/24)
 F - a wand of lightning (10/15)
Scrolls
 i - 2 scrolls of teleportation {unknown}
 l - a scroll of fear {unknown}
 n - a scroll of fog {unknown}
 o - 4 scrolls of identify {unknown}
 p - 3 scrolls of amnesia {unknown}
 r - 2 scrolls of magic mapping {unknown}
 v - a scroll of noise {unknown}
 w - 2 scrolls of immolation {unknown}
 y - 2 scrolls of enchant weapon {unknown}
 A - a scroll of random uselessness {unknown}
Potions
 j - a potion of haste {unknown}
 k - a potion of heal wounds
 x - a potion of degeneration {unknown}
 z - a potion of flight {unknown}
 B - a potion of invisibility {unknown}
 E - a potion of cancellation {unknown}
Comestibles
 g - 4 bread rations
 h - a meat ration
 m - a royal jelly


   Skills:
 + Level 2.2 Fighting
 * Level 2.2 Short Blades
 + Level 2.0 Throwing
 + Level 1.5 Dodging
 * Level 5.6 Stealth


You had 3 spell levels left.
You didn't know any spells.

Dungeon Overview and Level Annotations

Branches:
Dungeon (3/15)

Altars:
Ashenzari


Innate Abilities, Weirdness & Mutations

You have extremely sharp teeth.
Your natural rate of healing is unusually fast.
When hurt, damage is shared between your health and your magic reserves.
Your bite disrupts and absorbs the magic of your enemies.
Potions and wands cannot restore your health.
You are immune to rotting.


Message History

You are too injured to fight recklessly!
You are too injured to fight recklessly!
You take 10 damage, and have 5/23 hp.
MASSIVE DAMAGE!!
You now have 5/14 mp.
Drink which item? (? for menu, Esc to quit)
It was a potion of heal wounds.
That seemed strangely inert.
* * * LOW HITPOINT WARNING * * *
You feel sick. The killer bee barely misses you. x2
You take 2 damage, and have 3/23 hp.
Drink which item? (? for menu, Esc to quit)
It was a potion of agility.
You feel agile all of a sudden.
* * * LOW HITPOINT WARNING * * *
You feel sick.
The killer bee completely misses you. x2
You take 2 damage, and have 1/23 hp.
* * * LOW HITPOINT WARNING * * *
You feel sick. The killer bee barely misses you.
A killer bee comes into view.
Drink which item? (? for menu, Esc to quit)
It was a potion of cure mutation.
It has a very clean taste.
You die... ### ## #yy

( #y# ## #y# .. #y# #@#
####### #.# #.# #....##
#.# #.# #...... #.# #.#
#..#.## #$# #.# #..#.##
#.# #.# #..#.# ##.#
#.###..#.##
##.#.#####........[.
######.###...........#...


You could see 5 killer bees.

Vanquished Creatures
  A gnoll (D:1)
  2 worms (D:2)
  2 dart slugs
  2 giant geckos
  5 bats
  5 giant cockroaches
  8 hobgoblins
  4 kobolds
  2 ball pythons
  2 giant newts
  4 goblins
  4 rats
41 creatures vanquished.

Notes
Turn   | Place    | Note
--------------------------------------------------------------
     0 | D:1      | namelastname112 the Vine Stalker Assassin began the quest for the Orb.
     0 | D:1      | Reached XP level 1. HP: 11/11 MP: 2/2
   312 | D:1      | Reached skill level 5 in Stealth
   346 | D:1      | Reached XP level 2. HP: 15/15 MP: 3/3
   429 | D:1      | Reached skill level 1 in Dodging
   821 | D:2      | Reached XP level 3. HP: 18/18 MP: 4/4
  1868 | D:3      | Reached XP level 4. HP: 21/23 MP: 5/5
  1943 | D:3      | Found a shattered altar of Ashenzari.
  2175 | D:3      | HP: 1/23 [poisoned by a killer bee]
  2177 | D:3      | Succumbed to a killer bee's poison

Vault maps used:
D:1:      zaba_arrival_water, kennysheep_crisscross
D:2:      amethyst_killhole
D:3:      ashenzari_altar_1

Skill      XL: |  1  2 |
---------------+-------+-----
Short Blades   | 2 |  2.2
Stealth        | 5 |  5.6
Fighting       | 2 |  2.2
Dodging        | 1 |  1.5
Throwing       | 2 |  2.0

Action                   |  1- 3 |  4- 6 || total
-------------------------+-------+-------++-------
Melee: Dagger            |    88 |    17 ||   105
       Bite              |    18 |     1 ||    19
 Fire: Blowgun           |     5 |       ||     5
  Use: Potion            |       |     3 ||     3
 Stab: Sleeping          |    11 |     1 ||    12
  Eat: Chunk             |     1 |     2 ||     3
Armor: Robe              |    23 |     2 ||    25
Dodge: Dodged            |    51 |    16 ||    67
